 Dungeon Crawl Stone Soup version 0.31-a0-4-gefa6de2278 (webtiles) character file.

Game seed: 578470589498068476

6983 themarg the Fighter (level 10, -2/110 HPs)
             Began as a Troll Fighter on May 4, 2023.
             Was a Believer of Uskayaw.
             Slain by Snorg (6 damage)
             ... on level 10 of the Dungeon.
             The game lasted 00:18:32 (6968 turns).

themarg the Fighter (Troll Fighter)                 Turns: 6968, Time: 00:18:32

Health: -2/110     AC:  8    Str: 30    XL:     10   Next: 81%
Magic:  13/13      EV:  9    Int:  4    God:    Uskayaw [**....]
Gold:   268        SH:  0    Dex:  9    Spells: 9/9 levels left

rFire   . .          .
                       - Unarmed
rCold   . . .        b - +0 kite shield
rNeg    . . .        I - +0 troll leather armour
rPois   +            (helmet restricted)
rElec   .            O - +1 cloak {rCorr}
rCorr   +            (gloves unavailable)
SInv    .            (boots unavailable)
Will    +....        (no amulet) Stlth
                     j - ring of poison resistance
HPRegen 1.98/turn    L - ring of willpower
MPRegen 0.13/turn

%: no passive effects
@: confused, mighty, ambrosia-drunk
A: large, unfitting armour, claws 3, regeneration 1, shaggy fur 1, tough skin 1
a: Renounce Religion, Stomp, Line Pass


You were on level 10 of the Dungeon.
You worshipped Uskayaw.
Uskayaw was noncommittal.
You visited 1 branch of the dungeon, and saw 10 of its levels.

You collected 540 gold pieces.
You spent 272 gold pieces at shops.

Inventory:

Hand Weapons
 k - a +2 whip of electrocution
 p - the +8 trident of the Octopus King {venom, rElec rPois}
   (You found it on level 2 of the Dungeon)

   rElec:     It insulates you from electricity.
   rPois:     It protects you from poison.
 F - the +9 sling "Eniyvvog" {heavy, rC+ rCorr Str+5 Dex-5}
   (You found it on level 6 of the Dungeon)

   Str:       It affects your strength (+5).
   Dex:       It affects your dexterity (-5).
   rC:        It protects you from cold.
   rCorr:     It protects you from acid and corrosion.
Missiles
 d - 3 silver boomerangs (quivered)
 f - 148 stones
 A - 4 poisoned darts
 J - a throwing net
 K - 2 boomerangs
Armour
 b - a +0 kite shield (worn)
 I - a +0 troll leather armour (worn)
 O - a +1 cloak of preservation (worn)
Jewellery
 j - a ring of poison resistance (left claw)
 s - a +6 ring of dexterity
 B - an amulet of faith
 L - a ring of willpower (right claw)
Wands
 z - a wand of light (17)
 P - a wand of roots (7)
Scrolls
 a - a scroll of silence
 e - a scroll of acquirement
 g - 2 scrolls of enchant weapon {unknown}
 h - 3 scrolls of poison
 l - 6 scrolls of fog
 m - a scroll of blinking
 o - 6 scrolls of fear
 r - 5 scrolls of teleportation
 u - a scroll of amnesia {unknown}
 v - a scroll of enchant armour {unknown}
 y - a scroll of brand weapon {unknown}
 M - a scroll of noise {unknown}
Potions
 c - 2 potions of might
 i - 3 potions of mutation
 n - 6 potions of curing
 q - 2 potions of heal wounds
 t - a potion of flight {unknown}
 x - 3 potions of attraction
 C - a potion of magic {unknown}
 D - 2 potions of ambrosia
 G - a potion of haste
 H - a potion of cancellation {unknown}
 N - 2 potions of lignification


   Skills:
 - Level 10.0 Fighting
 - Level 2.0 Throwing
 - Level 5.0 Dodging
 - Level 5.0 Shields
 + Level 7.3 Unarmed Combat
 + Level 5.3 Invocations
 - Level 2.0 Evocations


You had 9 spell levels left.
You didn't know any spells.
Your spell library contained the following spells:

 Spells                   Type           Power      Damage    Failure   Level
 Freeze                   Ice            0%         1d3       75%         1
 Frozen Ramparts          Ice            0%         1d1       98%         3
 Hailstorm                Conj/Ice       0%         3d3       98%         3
 Ignite Poison            Fire/Tmut/Pois 0%         N/A       98%         3
 Ozocubu's Armour         Ice            0%         N/A       98%         3
 Petrify                  Tmut/Erth      0%         N/A       100%        4
 Sticky Flame             Conj/Fire      0%         2d3       100%        4
 Metabolic Englaciation   Hex/Ice        0%         N/A       100%        5
 Statue Form              Tmut/Erth      0%         N/A       100%        6
 Ozocubu's Refrigeration  Ice            0%         4d7       100%        7
 Ignition                 Fire           0%         3d3       100%        8


Dungeon Overview and Level Annotations

Branches:
Dungeon (10/15)            Temple (0/1) D:4             Orc (0/2) D:9
   Lair: D:8-11

Altars:
Ashenzari
Sif Muna
Trog
Uskayaw

Shops:
D:7 !

Annotations:
D:3 1 runed translucent door
D:5 exclusion: door
D:10 1 transporter, exclusion: ice statue, Erica; Snorg; olddryhag's ghost, novice DsVM


Innate Abilities, Weirdness & Mutations

You are too large for most types of armour.
You have claws for hands.
Your natural rate of healing is unusually fast.
You are covered in fur. (AC +1)
You have tough skin. (AC +1)


Message History

Blink to where?
Press: ? - help, Dir - move target, p - Snorg
As you read the scroll of blinking, it crumbles to dust.
Throw: dart (curare)
Press: ? - help, Q - select action, (/) - cycle Shift-Dir - straight line, f - Snorg
Aim: Snorg (moderately wounded, berserk, 62% to hit)
You throw a curare-tipped dart. The curare-tipped dart hits Snorg.
Snorg is poisoned.
Snorg convulses.
Snorg seems to slow down.
Snorg is moderately wounded.
Throw: 3 boomerangs (silver)
Press: ? - help, Q - select action, (/) - cycle Shift-Dir - straight line, f/p - Snorg
Aim: Snorg (moderately wounded, berserk, very poisoned, slow, 62% to hit)
You throw a silver boomerang. The silver boomerang hits Snorg.
Snorg is moderately wounded.
You hear a shout!
Throw: 3 boomerangs (silver)
Press: ? - help, Q - select action, (/) - cycle Shift-Dir - straight line, f/p - Snorg
Aim: Snorg (moderately wounded, berserk, very poisoned, slow, 62% to hit)
You throw a silver boomerang. The silver boomerang hits Snorg.
Snorg is heavily wounded.
Throw: 3 boomerangs (silver)
Press: ? - help, Q - select action, (/) - cycle Shift-Dir - straight line, f/p - Snorg
Aim: Snorg (heavily wounded, berserk, very poisoned, slow, 62% to hit)
You throw a silver boomerang.
The silver boomerang barely misses Snorg.
The orc warrior looks more healthy.
You claw Snorg!
Snorg is heavily wounded.
You block Snorg's attack. Snorg claws you.
* * * LOW HITPOINT WARNING * * *
Snorg claws you!
* * * LOW HITPOINT WARNING * * *
You are confused.
You feel invigorated.
The orc wizard casts a spell.
The orc wizard flickers and vanishes!
Snorg bites you!
* * * LOW HITPOINT WARNING * * *
Snorg claws you.
You die...

).... ....# ....# ....#
####### ....# ##.....##
....# ##{o...T@## .[.†#
##.o#####..##
....####..##.©W##..##
.....##{.##.###Y##..##
.....#.o##.DYhYcc##..##
...!.{o##8.~..c~.8##..##
.?..()##..#.###.#Wc##..##
.....##D...##.##..c.##..#
.....#c#l..#....#$l#y#..##


You could see Snorg (berserk, poisoned, slow), a yaktaur, 3 yaks, an orc
warrior, an acid dragon, a centaur, a howler monkey, olddryhag's ghost and an
orc.

Vanquished Creatures
  2 two-headed ogres
  Pikel (D:9)
  2 trolls
  Prince Ribbit (D:7)
  A hornet (D:8)
  A wraith (D:9)
  2 wyverns (D:9)
  2 steam dragons (D:8)
  3 water moccasins
  An orc warrior (D:9)
  2 ice beasts
  3 black bears
  A sky beast (D:7)
  The ghost of BlasphemerAmon the Trooper, an amateur HuFi (D:3)
  A centaur (D:8)
  A lemure (D:9)
  A phantom (D:7)
  4 kobold brigands
  5 bullfrogs
  2 scorpions (D:5)
  8 wights
  9 killer bees
  3 howler monkeys
  A crimson imp (D:8)
  3 jellies
  A gnoll bouda (D:7)
  3 orc priests
  4 hounds
  5 iguanas
  Crazy Yiuf (D:7)
  6 orc wizards
  A sleepcap (D:4)
  A river rat (D:3)
  6 adders
  11 gnolls
  2 shadow imps
  2 white imps
  An ufetubus (D:7)
  A worm (D:2)
  3 dart slugs
  28 orcs
  9 ball pythons
  3 bats
  8 endoplasms
  3 giant cockroaches
  9 goblins
  2 hobgoblins
  4 jackals (D:2)
  6 quokkas
  6 frilled lizards
  25 kobolds
  5 rats
217 creatures vanquished.

Vanquished Creatures (others)
  A withered plant (D:1)
1 creature vanquished.

Grand Total: 218 creatures vanquished

Notes
Turn   | Place    | Note
-------+----------+-------------------------------------------
     0 | D:1      | themarg the Troll Fighter began the quest for the Orb.
     0 | D:1      | Reached XP level 1. HP: 22/22 MP: 0/0
   150 | D:1      | Reached XP level 2. HP: 29/29 MP: 1/1
   339 | D:1      | Found a faded altar of an unknown god.
   357 | D:1      | Prayed at the altar of an unknown god.
   357 | D:1      | Became a worshipper of Uskayaw the Reveller
   357 | D:1      | Reached * piety under Uskayaw
   371 | D:1      | Reached ** piety under Uskayaw
   596 | D:2      | Reached XP level 3. HP: 36/36 MP: 2/2
   671 | D:2      | Found the +8 trident of the Octopus King {venom, rElec
                  | rPois}
   712 | D:2      | Reached skill level 3 in Fighting
  1004 | D:2      | Reached XP level 4. HP: 41/45 MP: 3/3
  1509 | D:3      | Reached XP level 5. HP: 48/53 MP: 4/4
  1523 | D:3      | Reached *** piety under Uskayaw
  1613 | D:3      | Found a runed translucent door.
  1617 | D:3      | Noticed BlasphemerAmon's ghost (amateur HuFi)
  1643 | D:3      | Found a runed translucent door.
  1801 | D:3      | Killed BlasphemerAmon's ghost
  1802 | D:3      | Reached skill level 4 in Fighting
  1840 | D:4      | Found a staircase to the Ecumenical Temple.
  1864 | D:4      | Found a broken altar of Ashenzari.
  1869 | D:4      | Reached XP level 6. HP: 62/62 MP: 5/5
  1901 | D:4      | Reached skill level 5 in Unarmed Combat
  2003 | D:4      | Reached skill level 5 in Fighting
  2003 | D:4      | Reached XP level 7. HP: 31/72 MP: 6/6
  2253 | D:4      | Found a bloodstained altar of Trog.
  2599 | D:5      | Entered Level 5 of the Dungeon
  2624 | D:4      | Reached **** piety under Uskayaw
  2635 | D:5      | Reached ***** piety under Uskayaw
  2947 | D:5      | Reached skill level 6 in Fighting
  2947 | D:5      | Reached XP level 8. HP: 83/83 MP: 7/7
  2951 | D:5      | Reached skill level 5 in Shields
  3180 | D:5      | Found a shimmering blue altar of Sif Muna.
  3377 | D:6      | Reached skill level 7 in Fighting
  3469 | D:6      | Identified the +9 sling "Eniyvvog" {heavy, rC+ rCorr Str+5
                  | Dex-5}
  3733 | D:6      | You fall into a shaft and drop 2 floors!
  4010 | D:6      | Reached skill level 8 in Fighting
  4165 | D:7      | Found Rorusoph's Distillery.
  4170 | D:7      | Bought a potion of haste for 160 gold pieces
  4170 | D:7      | Bought a potion of attraction for 48 gold pieces
  4170 | D:7      | Bought a potion of might for 64 gold pieces
  4292 | D:7      | Noticed Prince Ribbit
  4301 | D:7      | Killed Prince Ribbit
  4302 | D:7      | Reached XP level 9. HP: 70/97 MP: 8/8
  4348 | D:7      | Reached skill level 9 in Fighting
  4812 | D:7      | Found a runed translucent door.
  4813 | D:7      | Noticed Crazy Yiuf
  4928 | D:7      | Killed Crazy Yiuf
  5099 | D:8      | Reached skill level 1 in Throwing
  5099 | D:8      | Reached skill level 1 in Invocations
  5217 | D:8      | Reached skill level 1 in Evocations
  5485 | D:8      | Reached skill level 10 in Fighting
  5718 | D:8      | Paralysed by a hornet for 3 turns
  5723 | D:8      | Paralysed by a hornet for 2 turns
  5837 | D:9      | Reached XP level 10. HP: 109/110 MP: 11/11
  6039 | D:9      | Found a staircase to the Orcish Mines.
  6048 | D:9      | Noticed a two-headed ogre
  6055 | D:9      | Killed a two-headed ogre
  6056 | D:9      | Reached skill level 5 in Invocations
  6103 | D:9      | Noticed Pikel
  6135 | D:9      | Killed Pikel
  6240 | D:9      | Identified a scroll of acquirement
  6749 | D:10     | Entered Level 10 of the Dungeon
  6749 | D:10     | Noticed Snorg
  6749 | D:10     | Noticed Erica
  6849 | D:10     | Noticed an ice statue
  6850 | D:10     | Noticed olddryhag's ghost (novice DsVM)
  6876 | D:10     | Found a transporter.
  6880 | D:10     | Noticed a two-headed ogre
  6892 | D:10     | Killed a two-headed ogre
  6893 | D:10     | Reached skill level 5 in Dodging
  6968 | D:10     | HP: 4/110 [Snorg (11)]
  6968 | D:10     | Slain by Snorg

Illustrated notes

Levels and vault maps discovered:
D:1:      dpeg_arrival_long_road, layout_rooms,
          ebering_ecumenical_altar_petrified
D:2:      layout_basic, interstate_on_off, serial_park_tiny_2,
          minmay_misc_feat_chi, reono_crystal_passage, minmay_tetromino_t4
D:3:      layout_rooms, ebering_ghost_sewer_f
D:4:      layout_rooms, lightli_temple_of_fire,
          mainiacjoe_overflow_small_starburst,
          minmay_temple_entry_statues_pillars, minivault_4, minmay_distorted
D:5:      layout_gridville, led_sif_book, serial_glass, glass_columns_b,
          glass_columns_c, glass_columns_a, glass_columns_a, glass_columns_c
D:6:      layout_loops_cross
D:7:      layout_cave_pools, serial_shops, nicolae_shop_trees,
          uniq_crazy_yiuf_cottage, uniq_prince_ribbit1
D:8:      layout_loops_ring, minmay_fire_ice_demons
D:9:      layout_basic, orc_0_dummy, minmay_misc_feat_secret_circle, uniq_pikel
D:10:     layout_cross, lair_entry_dummy, serial_shops, shop, nzn_ghost_randoct,
          uniq_snorg, uniq_maggie, uniq_erica

Skill      XL: |  1  2  3  4  5  6  7  8  9 10 |
---------------+-------------------------------+-----
Shields        | 3 4 5 |  5.0
Fighting       | 3 4 5 6 8 10 | 10.0
Unarmed Combat | 3 4 5 7 |  7.3
Throwing       | 2 |  2.0
Invocations    | 3 5 |  5.3
Evocations     | 2 |  2.0
Dodging        | 5 |  5.0

Action                     |  1- 3 |  4- 6 |  7- 9 | 10-12 || total
---------------------------+-------+-------+-------+-------++-------
  Melee: Unarmed           |   117 |   104 |   404 |   132 ||   757
         Punch             |       |     1 |    11 |       ||    12
  Throw: Dart              |       |       |       |    11 ||    11
         Boomerang         |       |       |       |     3 ||     3
 Invoke: Stomp             |       |     1 |     2 |     2 ||     5
  Evoke: Wand              |       |       |     1 |     1 ||     2
    Use: Scroll            |       |       |     9 |     5 ||    14
         Potion            |       |       |     2 |     2 ||     4
   Stab: Sleeping          |     1 |       |       |       ||     1
         Paralysed         |       |       |     5 |     7 ||    12
         Invisible         |       |       |       |     1 ||     1
 Armour: Robe              |    39 |    33 |       |       ||    72
         Fire dragon scale |       |       |   278 |     7 ||   285
         Troll leather arm |       |       |       |    37 ||    37
  Dodge: Dodged            |    55 |    54 |   203 |    51 ||   363
  Block: Kite shield       |    18 |       |       |    54 ||    72

Table legend: (Time is in decaauts)
 A = Elapsed time spent in this place.
 B = Non-inter-level travel time spent in this place.
 C = Inter-level travel time spent in this place.
 D = Time resting spent in this place.
 E = Time spent auto-exploring this place.
 F = Levels seen in this place.
 G = Mean time per level.
                   A        B        C        D        E       F      G
               +--------+--------+--------+--------+--------+-----+--------+
         Total |   6941 |   6618 |    323 |    228 |   4824 |  10 |  694.1 |
       Dungeon |   6941 |   6618 |    323 |    228 |   4824 |  10 |  694.1 |
               +--------+--------+--------+--------+--------+-----+--------+

Top non-repeatable levels by time:
     D:9: 1023 daAuts
     D:7: 865 daAuts
     D:6: 839 daAuts
     D:8: 791 daAuts
     D:4: 761 daAuts
     D:2: 732 daAuts
     D:5: 700 daAuts
     D:3: 603 daAuts
     D:1: 500 daAuts
    D:10: 124 daAuts
